[ PARTIDA AOE2 · #506665646 ]
UnrankedHunos vs Mongols
Equipo del jugador · VICT
Equipo rival · DERR
[ ANÁLISIS DE REPETICIÓN · EXTRAÍDO DE LA PARTIDA GRABADA ]
Feudal
10:13
Castillos
24:14
Imperial
—
| APM promedio | 71.5 |
| APM pico | 107 |
| eAPM promedio | 27.5 |
| Aldeanos / militares | 50 / 57 |
Foco
⚔️ 44.7% · 🌾 55.3%
Archer ×34 · Knight ×12 · Skirmisher ×5 · Militia ×3 · Spearman ×3
Feudal
8:28
Castillos
—
Imperial
—
| APM promedio | 51.5 |
| APM pico | 80 |
| eAPM promedio | 23.2 |
| Aldeanos / militares | 60 / 39 |
Foco
⚔️ 27.7% · 🌾 72.3%
Skirmisher ×24 · Scout Cavalry ×14 · Archer ×1
Mapa de la partida
Recursos iniciales + cada clic de construcción. Líneas = muros · curvas = relieve. ◆ oro · ⬟ piedra · ● bayas · ✦ reliquia · ◌ hueco del cierre
Tu base· Abierta — flanco sin cerrar
Base de ڱamsong· Abierta — flanco sin cerrar
Terreno inicial suavizado · ◌ = hueco del cierre detectado · pasá el cursor para detalles
Inputs por minuto
— Pedro - - ڱamsong
Build order — Pedro
Primeras 150 de 167 acciones detectadas
| 0:01 | Encolar | Villager (Male) |
| 0:02 | Encolar | Villager (Male) |
| 0:02 | Encolar | Villager (Male) |
| 0:02 | Encolar | Villager (Male) |
| 1:24 | Encolar | Villager (Male) |
| 1:53 | Construir | Lumber Camp |
| 1:55 | Encolar | Villager (Male) |
| 1:55 | Encolar | Villager (Male) |
| 2:09 | Encolar | Villager (Male) |
| 2:45 | Encolar | Villager (Male) |
| 3:04 | Encolar | Villager (Male) |
| 3:29 | Encolar | Villager (Male) |
| 4:05 | Encolar | Villager (Male) |
| 4:25 | Encolar | Villager (Male) |
| 4:52 | Encolar | Villager (Male) |
| 5:04 | Construir | Barracks |
| 5:12 | Encolar | Villager (Male) |
| 5:16 | Encolar | Villager (Male) |
| 5:39 | Encolar | Villager (Male) |
| 5:42 | Encolar | Villager (Male) |
| 6:00 | Encolar | Militia |
| 6:00 | Encolar | Militia |
| 6:01 | Encolar | Militia |
| 6:04 | Encolar | Villager (Male) |
| 6:10 | Construir | Mill |
| 6:24 | Encolar | Villager (Male) |
| 6:37 | Encolar | Villager (Male) |
| 6:51 | Investigar | Loom |
| 8:03 | Investigar | Feudal Age |
| 8:03 | Investigar | Feudal Age |
| 8:39 | Construir | Lumber Camp |
| 8:47 | Encolar | Villager (Male) |
| 8:55 | Construir | Mining Camp |
| 9:02 | Encolar | Villager (Male) |
| 9:05 | Encolar | Villager (Male) |
| 10:13 | Edad | Edad Feudal |
| 10:17 | Investigar | Man-at-Arms (upgrade) |
| 10:17 | Investigar | Man-at-Arms (upgrade) |
| 10:18 | Encolar | Villager (Male) |
| 10:21 | Construir | Archery Range |
| 10:30 | Encolar | Villager (Male) |
| 11:02 | Encolar | Archer |
| 11:02 | Encolar | Archer |
| 11:02 | Encolar | Archer |
| 11:03 | Encolar | Villager (Male) |
| 11:06 | Construir | Archery Range |
| 11:07 | Encolar | Spearman |
| 11:12 | Construir | Watch Tower |
| 11:15 | Encolar | Villager (Male) |
| 11:27 | Encolar | Villager (Male) |
| 11:37 | Encolar | Spearman |
| 11:42 | Investigar | Double-Bit Axe |
| 11:42 | Investigar | Double-Bit Axe |
| 11:42 | Encolar | Villager (Male) |
| 11:44 | Encolar | Archer |
| 11:44 | Encolar | Archer |
| 11:53 | Encolar | Villager (Male) |
| 12:07 | Encolar | Spearman |
| 12:09 | Encolar | Archer |
| 12:21 | Encolar | Skirmisher |
| 12:22 | Encolar | Skirmisher |
| 12:38 | Construir | Palisade Wall |
| 12:39 | Construir | Palisade Wall |
| 12:40 | Construir | Palisade Wall |
| 12:41 | Encolar | Archer |
| 12:42 | Encolar | Archer |
| 12:47 | Construir | Farm |
| 12:50 | Construir | Farm |
| 12:51 | Encolar | Villager (Male) |
| 13:04 | Construir | Farm |
| 13:05 | Encolar | Archer |
| 13:05 | Encolar | Archer |
| 13:18 | Construir | Farm |
| 13:22 | Encolar | Archer |
| 13:36 | Construir | Palisade Wall |
| 13:38 | Construir | Palisade Wall |
| 13:47 | Construir | Blacksmith |
| 13:53 | Encolar | Archer |
| 13:53 | Encolar | Archer |
| 13:54 | Encolar | Villager (Male) |
| 14:10 | Encolar | Archer |
| 14:10 | Encolar | Archer |
| 14:10 | Encolar | Skirmisher |
| 14:18 | Encolar | Villager (Male) |
| 14:31 | Investigar | Fletching |
| 14:31 | Investigar | Fletching |
| 14:41 | Encolar | Archer |
| 14:54 | Encolar | Villager (Male) |
| 14:57 | Encolar | Skirmisher |
| 14:58 | Encolar | Skirmisher |
| 15:01 | Encolar | Archer |
| 15:01 | Encolar | Archer |
| 15:20 | Encolar | Archer |
| 15:20 | Encolar | Archer |
| 15:20 | Encolar | Villager (Male) |
| 15:20 | Encolar | Villager (Male) |
| 15:23 | Construir | Farm |
| 15:40 | Encolar | Archer |
| 15:41 | Encolar | Villager (Male) |
| 15:58 | Encolar | Archer |
| 15:59 | Encolar | Archer |
| 16:01 | Construir | Farm |
| 16:09 | Encolar | Villager (Male) |
| 16:58 | Encolar | Archer |
| 16:59 | Encolar | Villager (Male) |
| 17:01 | Construir | Farm |
| 17:02 | Construir | Farm |
| 17:26 | Encolar | Archer |
| 17:26 | Encolar | Archer |
| 17:35 | Encolar | Archer |
| 17:36 | Encolar | Archer |
| 17:38 | Encolar | Villager (Male) |
| 17:46 | Construir | Market |
| 17:48 | Construir | Farm |
| 18:00 | Encolar | Archer |
| 18:00 | Encolar | Archer |
| 18:00 | Encolar | Villager (Male) |
| 18:03 | Construir | Farm |
| 18:24 | Encolar | Archer |
| 18:24 | Encolar | Villager (Male) |
| 18:26 | Construir | Farm |
| 19:01 | Encolar | Archer |
| 19:01 | Encolar | Archer |
| 19:01 | Encolar | Archer |
| 19:01 | Encolar | Villager (Male) |
| 19:17 | Construir | Farm |
| 19:32 | Construir | Farm |
| 19:32 | Encolar | Villager (Male) |
| 19:59 | Construir | Farm |
| 20:01 | Construir | Farm |
| 20:03 | Construir | Farm |
| 20:44 | Construir | Farm |
| 21:34 | Investigar | Castle Age |
| 21:35 | Investigar | Castle Age |
| 21:38 | Construir | Stable |
| 22:02 | Construir | Lumber Camp |
| 22:13 | Investigar | Scale Barding Armor |
| 22:13 | Investigar | Scale Barding Armor |
| 22:45 | Construir | Stable |
| 22:53 | Investigar | Bloodlines |
| 23:39 | Construir | Farm |
| 23:40 | Construir | Farm |
| 24:06 | Construir | Farm |
| 24:06 | Construir | Farm |
| 24:07 | Construir | Farm |
| 24:14 | Edad | Edad de los Castillos |
| 24:15 | Encolar | Villager (Male) |
| 24:16 | Encolar | Villager (Male) |
| 24:17 | Encolar | Knight |
| 24:17 | Encolar | Knight |
Build order — ڱamsong
Primeras 150 de 170 acciones detectadas
| 0:00 | Encolar | Villager (Male) |
| 0:01 | Encolar | Villager (Male) |
| 0:02 | Construir | House |
| 0:03 | Construir | House |
| 0:16 | Encolar | Villager (Male) |
| 0:17 | Encolar | Villager (Male) |
| 1:32 | Encolar | Villager (Male) |
| 1:59 | Encolar | Villager (Male) |
| 2:26 | Construir | Lumber Camp |
| 2:27 | Encolar | Villager (Male) |
| 2:27 | Encolar | Villager (Male) |
| 2:58 | Encolar | Villager (Male) |
| 2:58 | Encolar | Villager (Male) |
| 3:24 | Encolar | Villager (Male) |
| 3:25 | Encolar | Villager (Male) |
| 3:25 | Encolar | Villager (Male) |
| 3:39 | Encolar | Villager (Male) |
| 3:39 | Encolar | Villager (Male) |
| 4:04 | Encolar | Villager (Male) |
| 4:09 | Construir | House |
| 4:43 | Encolar | Villager (Male) |
| 4:59 | Construir | Mill |
| 5:43 | Encolar | Villager (Male) |
| 6:18 | Investigar | Feudal Age |
| 6:18 | Investigar | Feudal Age |
| 7:08 | Construir | House |
| 7:17 | Construir | Barracks |
| 7:23 | Encolar | Villager (Male) |
| 7:23 | Encolar | Villager (Male) |
| 8:06 | Investigar | Loom |
| 8:11 | Construir | House |
| 8:12 | Construir | House |
| 8:28 | Edad | Edad Feudal |
| 8:35 | Encolar | Villager (Male) |
| 8:35 | Encolar | Villager (Male) |
| 8:48 | Construir | Stable |
| 9:01 | Investigar | Double-Bit Axe |
| 9:01 | Investigar | Double-Bit Axe |
| 9:34 | Construir | Mill |
| 9:35 | Encolar | Scout Cavalry |
| 9:35 | Encolar | Scout Cavalry |
| 10:05 | Encolar | Scout Cavalry |
| 10:08 | Encolar | Villager (Male) |
| 10:09 | Construir | Farm |
| 10:11 | Construir | Farm |
| 10:13 | Construir | Farm |
| 10:24 | Construir | Farm |
| 10:45 | Encolar | Villager (Male) |
| 11:07 | Encolar | Scout Cavalry |
| 11:07 | Encolar | Scout Cavalry |
| 11:10 | Construir | Farm |
| 11:14 | Construir | Farm |
| 11:36 | Encolar | Scout Cavalry |
| 11:40 | Construir | Farm |
| 11:49 | Construir | Farm |
| 11:57 | Encolar | Villager (Male) |
| 11:58 | Encolar | Villager (Male) |
| 12:16 | Encolar | Villager (Male) |
| 12:20 | Encolar | Villager (Male) |
| 12:34 | Construir | Archery Range |
| 12:55 | Construir | Watch Tower |
| 12:59 | Encolar | Villager (Male) |
| 13:00 | Encolar | Villager (Male) |
| 13:24 | Encolar | Villager (Male) |
| 13:25 | Encolar | Scout Cavalry |
| 13:56 | Construir | Lumber Camp |
| 14:07 | Encolar | Villager (Male) |
| 14:12 | Construir | House |
| 14:12 | Construir | House |
| 14:33 | Encolar | Villager (Male) |
| 14:38 | Encolar | Skirmisher |
| 14:45 | Encolar | Scout Cavalry |
| 14:46 | Encolar | Scout Cavalry |
| 14:47 | Encolar | Villager (Male) |
| 14:58 | Encolar | Skirmisher |
| 15:07 | Encolar | Villager (Male) |
| 15:10 | Construir | Farm |
| 15:13 | Construir | Farm |
| 15:23 | Encolar | Skirmisher |
| 15:26 | Encolar | Villager (Male) |
| 15:38 | Construir | House |
| 15:39 | Construir | House |
| 15:44 | Construir | House |
| 15:49 | Construir | House |
| 16:00 | Encolar | Skirmisher |
| 16:03 | Encolar | Villager (Male) |
| 16:10 | Construir | House |
| 16:12 | Construir | Palisade Wall |
| 16:16 | Construir | Mining Camp |
| 16:38 | Encolar | Villager (Male) |
| 16:39 | Encolar | Scout Cavalry |
| 16:41 | Encolar | Skirmisher |
| 16:42 | Encolar | Skirmisher |
| 16:52 | Construir | Farm |
| 17:09 | Encolar | Villager (Male) |
| 17:11 | Encolar | Villager (Male) |
| 17:26 | Encolar | Skirmisher |
| 17:41 | Construir | Farm |
| 17:50 | Encolar | Villager (Male) |
| 17:51 | Encolar | Skirmisher |
| 17:52 | Encolar | Villager (Male) |
| 18:08 | Construir | House |
| 18:12 | Encolar | Skirmisher |
| 18:15 | Construir | Farm |
| 18:28 | Encolar | Scout Cavalry |
| 18:31 | Construir | Farm |
| 18:33 | Construir | Farm |
| 18:35 | Construir | Farm |
| 18:44 | Encolar | Villager (Male) |
| 18:52 | Encolar | Villager (Male) |
| 19:01 | Encolar | Skirmisher |
| 19:06 | Construir | House |
| 19:13 | Construir | House |
| 19:17 | Encolar | Skirmisher |
| 19:35 | Encolar | Skirmisher |
| 19:37 | Encolar | Scout Cavalry |
| 19:41 | Construir | Farm |
| 19:55 | Encolar | Villager (Male) |
| 19:56 | Encolar | Skirmisher |
| 20:09 | Construir | Mining Camp |
| 20:15 | Investigar | Horse Collar |
| 20:22 | Encolar | Villager (Male) |
| 20:24 | Construir | Farm |
| 20:24 | Construir | Farm |
| 20:28 | Construir | Palisade Wall |
| 20:36 | Construir | House |
| 20:46 | Encolar | Villager (Male) |
| 20:47 | Encolar | Skirmisher |
| 20:59 | Encolar | Villager (Male) |
| 21:22 | Encolar | Villager (Male) |
| 21:24 | Encolar | Scout Cavalry |
| 21:35 | Encolar | Skirmisher |
| 21:38 | Construir | Farm |
| 21:38 | Construir | Farm |
| 21:41 | Encolar | Skirmisher |
| 21:54 | Construir | Farm |
| 21:55 | Construir | Farm |
| 22:00 | Encolar | Villager (Male) |
| 22:03 | Encolar | Villager (Male) |
| 22:17 | Encolar | Skirmisher |
| 22:26 | Construir | Blacksmith |
| 22:31 | Encolar | Villager (Male) |
| 22:34 | Encolar | Skirmisher |
| 22:45 | Encolar | Skirmisher |
| 22:58 | Encolar | Villager (Male) |
| 23:00 | Construir | Farm |
| 23:04 | Encolar | Villager (Male) |
| 23:10 | Encolar | Villager (Male) |
| 23:11 | Encolar | Archer |
| 23:14 | Encolar | Skirmisher |
Cronología de la partida
| 5:04 | Pedro · first_building Barracks |
| 7:17 | ڱamsong · first_building Barracks |
| 8:28 | ڱamsong · age_up feudal |
| 8:48 | ڱamsong · first_building Stable |
| 10:13 | Pedro · age_up feudal |
| 10:21 | Pedro · first_building Archery Range |
| 12:34 | ڱamsong · first_building Archery Range |
| 12:38 | Pedro · wall_segment Palisade Wall x1 |
| 12:39 | Pedro · wall_segment Palisade Wall x1 |
| 12:40 | Pedro · wall_segment Palisade Wall x1 |
| 13:36 | Pedro · wall_segment Palisade Wall x1 |
| 13:38 | Pedro · wall_segment Palisade Wall x1 |
| 16:12 | ڱamsong · wall_segment Palisade Wall x1 |
| 20:28 | ڱamsong · wall_segment Palisade Wall x1 |
| 21:38 | Pedro · first_building Stable |
| 24:14 | Pedro · age_up castle |
| 24:29 | Pedro · first_building Siege Workshop |
| 25:28 | ڱamsong · wall_segment Palisade Wall x1 |
| 25:41 | ڱamsong · resign |
[ ANÁLISIS IA · 1 CRÉDITO ]
¿Qué pasó realmente en esta partida?
Wolo.gg analiza cada decisión: build order, eco, micro, errores típicos por bracket. Análisis personalizado por WhatsApp o Discord en 30 segundos.
Guía civ
Hunos
Perfil
Pedro